 Dungeon Crawl Stone Soup version 0.29.0-5-ge4962eb29e (webtiles) character file.

Game seed: 9031284838264463007

357 gelatine the Chopper (level 6, -2/49 HPs)
             Began as a Palentonga Gladiator on Aug 29, 2022.
             Slain by a gnoll
             ... wielding a +0 flail
              (7 damage)
             ... on level 4 of the Dungeon.
             The game lasted 00:07:24 (3272 turns).

gelatine the Chopper (Palentonga Gladiator)         Turns: 3272, Time: 00:07:25

Health: -2/49      AC:  6    Str: 22    XL:     6   Next: 36%
Magic:  6/6        EV:  9    Int:  8    God:
Gold:   214        SH:  3    Dex: 11    Spells: 5/5 levels left

rFire   . . .      SeeInvis +   a - +0 war axe
rCold   . . .      Faith    .   i - +0 buckler
rNeg    . . .      Spirit   .   b - +0 leather armour
rPois   .          Reflect  .   g - +1 helmet
rElec   .          Harm     .   (no cloak)
rCorr   .          Rampage  .   (no gloves)
Will    .....                   (no barding)
Stlth   +.........              (no amulet)
HPRegen 0.16/turn               (no ring)
MPRegen 0.10/turn               (no ring)

@: no status effects
A: large, rugged brown scales 3, see invisible, deformed body, roll 1, armoured
tail
a: Rolling Charge


You were on level 4 of the Dungeon.
You visited 1 branch of the dungeon, and saw 4 of its levels.

You collected 214 gold pieces.

Inventory:

Hand Weapons
 a - a +0 war axe (weapon)
Missiles
 d - a throwing net
 e - a javelin
 v - 6 silver javelins
Armour
 b - a +0 leather armour (worn)
 c - a +0 helmet
 g - a +1 helmet (worn)
 i - a +0 buckler (worn)
Scrolls
 f - 4 scrolls of identify {unknown}
 h - a scroll of brand weapon {unknown}
 k - a scroll of fear {unknown}
 l - a scroll of butterflies {unknown}
 m - 2 scrolls of immolation {unknown}
 n - a scroll of amnesia {unknown}
 o - a scroll of enchant weapon {unknown}
 p - a scroll of poison {unknown}
 u - a scroll of blinking {unknown}
 w - a scroll of summoning {unknown}
Potions
 q - a potion of heal wounds {unknown}
 r - a potion of haste {unknown}
 s - a potion of brilliance
 t - a potion of attraction {unknown}
 x - a potion of flight {unknown}
 z - a potion of lignification {unknown}
 A - a potion of curing {unknown}


   Skills:
 + Level 2.7 Fighting
 + Level 5.6 Axes
 + Level 1.6 Throwing
 + Level 1.4 Armour
 + Level 3.2 Dodging
 + Level 0.3 Stealth
 + Level 0.8 Shields


You had 5 spell levels left.
You didn't know any spells.
Your spell library contained the following spells:

 Spells                   Type           Power      Damage    Failure   Level
 Ensorcelled Hibernation  Hex/Ice        0%         N/A       67%         2
 Passwall                 Tmut/Erth      0%         N/A       67%         2
 Call Canine Familiar     Summ           0%         N/A       88%         3
 Portal Projectile        Hex/Tloc       0%         N/A       88%         3
 Swiftness                Air            0%         N/A       88%         3
 Leda's Liquefaction      Hex/Erth       0%         N/A       99%         4


Dungeon Overview and Level Annotations

Branches:
Dungeon (4/15)
 Temple: D:4-7

Altars:
Ashenzari


Innate Abilities, Weirdness & Mutations

You are completely covered in rugged brown scales. (AC +3, +7% HP)
You have supernaturally acute eyesight. (SInv)
Armour fits poorly on your strangely shaped body.
You can roll at nearby foes to attack.
You have a long armoured tail.


Message History

You hit the orc wizard but do no damage.
The orc wizard struggles against the net.
A gnoll comes into view. It is wielding a +0 club.
You catch the helpless orc wizard completely off-guard!
You hit the orc wizard.
The orc wizard is moderately wounded.
The orc wizard struggles against the net. x2
You hit the orc wizard.
The orc wizard is heavily wounded.
The orc wizard struggles against the net.
You hit the orc wizard.
The orc wizard is almost dead.
The orc wizard struggles against the net.
You slash the orc wizard!
You kill the orc wizard!
The gnoll closely misses you.
You barely miss the gnoll. The gnoll barely misses you.
You closely miss the gnoll. The gnoll hits you with a +0 club.
You barely miss the gnoll. The gnoll hits you but does no damage.
You hit the gnoll but do no damage. The gnoll hits you with a +0 club. x2
* * * LOW HITPOINT WARNING * * *
It was a potion of brilliance.
You feel clever all of a sudden. The gnoll hits you with a +0 club.
* * * LOW HITPOINT WARNING * * *
You closely miss the gnoll. The gnoll hits you with a +0 club.
* * * LOW HITPOINT WARNING * * *
It was a potion of cancellation.
Your magical effects are unravelling.
You feel magically purged.
You feel a little less clever now. The gnoll barely misses you.
You hit the gnoll. You tail-slap the gnoll.
You kill the gnoll!
You barely miss the gnoll. The gnoll closely misses you.
You barely miss the gnoll.
Your tail-slap misses the gnoll.
The gnoll hits you with a +0 flail.
* * * LOW HITPOINT WARNING * * *
The gnoll hits you with a +0 flail!
You die...

#......# ###...........#.#...#
#......###.......#.#.#.#.....#
#......'.#.#.....#.#.#.......#
###......#.#.......#.#.#.....###
.........#...#.#####.#.#.....#
#####....###.#.......#.#.....#
###......#.#########.#.....#
#......#.#.#####.....#####.#
#.######.#....@g....# .# #.....#
#######.##.# #####.# # #.# ###.#
#...# ####.### #....# #.####


You could see a gnoll.

Vanquished Creatures
  An ice beast (D:4)
  An ogre (D:3)
  An orc wizard (D:4)
  3 gnolls (D:4)
  4 adders
  2 worms
  5 dart slugs
  2 orcs (D:4)
  8 bats
  8 endoplasms
  7 giant cockroaches
  10 goblins
  4 hobgoblins
  A quokka (D:1)
  5 ball pythons
  2 frilled lizards
  3 kobolds
  6 rats
73 creatures vanquished.

Notes
Turn   | Place    | Note
-------+----------+-------------------------------------------
     0 | D:1      | gelatine the Palentonga Gladiator began the quest for the
                  | Orb.
     0 | D:1      | Reached XP level 1. HP: 17/17 MP: 1/1
   273 | D:1      | Reached XP level 2. HP: 23/23 MP: 2/2
   668 | D:1      | Found a faded altar of an unknown god.
   950 | D:2      | Reached XP level 3. HP: 28/28 MP: 3/3
  2027 | D:3      | Reached skill level 4 in Axes
  2027 | D:3      | Reached XP level 4. HP: 20/35 MP: 4/4
  2538 | D:3      | Noticed an ogre
  2556 | D:3      | Killed an ogre
  2557 | D:3      | Reached skill level 1 in Armour
  2557 | D:3      | Reached XP level 5. HP: 28/41 MP: 5/5
  2839 | D:4      | Found a broken altar of Ashenzari.
  2920 | D:4      | Noticed an ice beast
  2928 | D:4      | Killed an ice beast
  2929 | D:4      | Reached skill level 5 in Axes
  2929 | D:4      | Reached XP level 6. HP: 13/49 MP: 6/6
  3272 | D:4      | Slain by a gnoll

Illustrated notes

Levels and vault maps discovered:
D:1:      minmay_arrival_widening_spiral_wide, layout_basic,
          shapermc_ecumenical_altar_venn
D:2:      layout_basic, minmay_worlds_worst_comb
D:3:      layout_basic, minmay_ogre_servants
D:4:      layout_basic, mainiacjoe_overflow_catwalk,
          mainiacjoe_overflow_catch_the_wave, uniq_edmund, uniq_natasha

Skill      XL: |  1  2  3  4  5 |
---------------+----------------+-----
Dodging        | 3 |  3.2
Axes           | 4 5 |  5.6
Armour         | 1 |  1.4
Fighting       | |  2.7
Throwing       | |  1.6
Stealth        | |  0.3
Shields        | |  0.8

Action                   |  1- 3 |  4- 6 || total
-------------------------+-------+-------++-------
Melee: War axe           |   133 |    81 ||   214
       Tailslap          |     8 |     8 ||    16
Throw: Throwing net      |     2 |       ||     2
 Abil: Rolling Charge    |    32 |    12 ||    44
  Use: Potion            |       |     2 ||     2
 Stab: Sleeping          |     1 |       ||     1
       Held in net/web   |       |     1 ||     1
Armor: Leather armour    |    50 |    31 ||    81
Dodge: Dodged            |    65 |    43 ||   108
Block: Buckler           |       |    10 ||    10
